 Dungeon Crawl Stone Soup version 0.30.0-2-g1aa4bd4387 (webtiles) character file.

Game seed: 1739183290647612869

128 Eitelfritz the Slasher (level 4, -2/38 HPs)
             Began as a Minotaur Gladiator on May 7, 2023.
             Was a Believer of the Shining One.
             Splashed by a jelly's acid (10 damage)
             ... on level 3 of the Dungeon.
             The game lasted 00:03:14 (1468 turns).

Eitelfritz the Slasher (Minotaur Gladiator)         Turns: 1468, Time: 00:03:14

Health: -2/38      AC: -1    Str: 18    XL:     4   Next: 86%
Magic:  3/3        EV: 12    Int:  7    God:    the Shining One [**....]
Gold:   95         SH:  0    Dex: 12    Spells: 3/3 levels left

rFire   + . .        a - +0 long sword
rCold   . . .        (no shield)
rNeg    + . .        p - +0 ring mail
rPois   .            c - +0 hat
rElec   .            (no cloak)
rCorr   .            l - +0 pair of gloves
SInv    .            (no boots)
Will    .....        t - amulet of regeneration
Stlth   +            s - ring of protection from fire
HPRegen 1.06/turn    (no ring)
MPRegen 0.08/turn

%: no passive effects
@: corroded, glowing
A: horns 2, retaliatory headbutt
a: Renounce Religion, Divine Shield


You were on level 3 of the Dungeon.
You worshipped the Shining One.
The Shining One was pleased with you.
You visited 1 branch of the dungeon, and saw 3 of its levels.

You collected 95 gold pieces.

Inventory:

Hand Weapons
 a - a +0 long sword (weapon)
Missiles
 d - 4 throwing nets (quivered)
 e - a javelin
Armour
 c - a +0 hat (worn)
 l - a +0 pair of gloves (worn)
 n - a +0 plate armour
 p - a +0 ring mail (worn)
Jewellery
 o - a ring of magical power
 s - a ring of protection from fire (left hand)
 t - an amulet of regeneration (around neck)
Scrolls
 b - a scroll of identify {unknown}
 f - a scroll of summoning {unknown}
 g - a scroll of blinking {unknown}
 j - 3 scrolls of silence {unknown}
 k - a scroll of fear {unknown}
 r - a scroll of teleportation {unknown}
Potions
 h - a potion of berserk rage {unknown}
 i - a potion of magic {unknown}
 m - a potion of heal wounds {unknown}
 q - a potion of might {unknown}


   Skills:
 + Level 3.0 Fighting
 + Level 5.3 Long Blades
 + Level 2.2 Throwing
 + Level 1.3 Armour
 + Level 4.0 Dodging
 + Level 0.2 Stealth
 * Level 0.5 Invocations


You had 3 spell levels left.
You didn't know any spells.
Your spell library contained the following spells:

 Spells                   Type           Power      Damage    Failure   Level
 Beastly Appendage        Tmut           0%         N/A       63%         1
 Blink                    Tloc           0%         N/A       77%         2
 Lesser Beckoning         Tloc           0%         N/A       77%         2
 Momentum Strike          Conj/Tloc      0%         3d8       77%         2
 Wereblood                Tmut           0%         N/A       77%         2
 Spider Form              Tmut/Pois      0%         N/A       94%         3


Dungeon Overview and Level Annotations

Branches:
Dungeon (3/15)

Altars:
The Shining One


Innate Abilities, Weirdness & Mutations

You have a pair of horns on your head.
You reflexively headbutt those who attack you in melee.


Message History

You kill the endoplasm!
You hit the jelly.
Your hands burn!
You headbutt the jelly.
The jelly is heavily wounded.
The jelly hits you.
You are splashed with acid!
You slash the jelly!
You kill the jelly!
Your Fighting skill increases to level 3!
You hit the endoplasm but do no damage. You headbutt the endoplasm.
You kill the endoplasm!
You hit the jelly. The acid corrodes you!
Your hands burn!
The jelly is moderately wounded.
The jelly misses you. You furiously retaliate!
You headbutt the jelly, but do no damage.
You hit the jelly but do no damage. The acid corrodes you!
Your hands burn!
You punch the jelly, but do no damage.
The jelly is moderately wounded.
The jelly hits you. The acid corrodes you!
You are splashed with acid!
You hit the jelly but do no damage.
Your hands burn!
* * * LOW HITPOINT WARNING * * *
You headbutt the jelly, but do no damage.
The jelly is lightly wounded.
The jelly closely misses you.
Unknown command.
You hit the jelly but do no damage.
Your hands burn!
* * * LOW HITPOINT WARNING * * *
You headbutt the jelly, but do no damage.
The jelly is lightly wounded.
The jelly barely misses you.
Unknown command.
Things that are here:
a +0 club; 5 stones The jelly attacks as you move away!
The jelly misses you. You furiously retaliate!
You headbutt the jelly. The jelly attacks as you move away! The jelly hits you.
You are splashed with acid!
* * * LOW HITPOINT WARNING * * *
The jelly attacks as you move away! The jelly hits you.
* * * LOW HITPOINT WARNING * * *
You are splashed with acid!
You die...

.....######## ##.#
.....##......########## #.#
.....##PP....J##......####.#
.....##......#J#.:.....##..#
.....##.P..JJ#.#........'..#
.....##..÷..J#J#.......)'..#
..#####.PPJJJ#J#'#.....)'.##
..# #......#.#.#.....##.#
..#####.P...÷#.#@#....#####
.....##".÷...##J#######
.....# ### .....# ..#### ..#
..# ###


You could see a jelly.

Vanquished Creatures
  A jelly (D:3)
  Natasha (D:2)
  3 adders
  2 dart slugs
  3 bats (D:2)
  5 endoplasms
  A giant cockroach (D:3)
  2 goblins
  6 hobgoblins
  A jackal (D:3)
  2 quokkas
  5 ball pythons
  10 kobolds
  4 rats
46 creatures vanquished.

Vanquished Creatures (others)
  5 fungi (D:3)
  4 toadstools (D:3)
9 creatures vanquished.

Grand Total: 55 creatures vanquished

Notes
Turn   | Place    | Note
-------+----------+-------------------------------------------
     0 | D:1      | Eitelfritz the Minotaur Gladiator began the quest for the
                  | Orb.
     0 | D:1      | Reached XP level 1. HP: 18/18 MP: 0/0
   258 | D:1      | Reached skill level 4 in Long Blades
   258 | D:1      | Reached XP level 2. HP: 25/25 MP: 1/1
   434 | D:1      | Found a faded altar of an unknown god.
   448 | D:1      | Prayed at the altar of an unknown god.
   448 | D:1      | Became a worshipper of the Shining One
   448 | D:1      | Reached * piety under the Shining One
  1178 | D:2      | Reached XP level 3. HP: 30/30 MP: 2/2
  1217 | D:2      | Noticed Natasha
  1219 | D:2      | Killed Natasha
  1302 | D:3      | Reached skill level 5 in Long Blades
  1302 | D:3      | Reached XP level 4. HP: 37/37 MP: 3/3
  1371 | D:3      | Reached skill level 1 in Armour
  1401 | D:3      | Reached ** piety under the Shining One
  1468 | D:3      | Splashed by a jelly's acid

Illustrated notes

Levels and vault maps discovered:
D:1:      reono_arrival_forest_river, layout_loops_ring,
          hellmonk_ecumenical_altar_lost_god
D:2:      layout_loops_ring, uniq_natasha
D:3:      cheibrodos_fertilizer, layout_basic, general_overflow_altar,
          minmay_pentomino_pile

Skill      XL: |  1  2  3  4 |
---------------+-------------+-----
Long Blades    | 4 5 |  5.3
Dodging        | 4 |  4.0
Armour         | 1 |  1.3
Fighting       | 3 |  3.0
Throwing       | |  2.2
Stealth        | |  0.2
Invocations    | |  0.5

Action                     |  1- 3 |  4- 6 || total
---------------------------+-------+-------++-------
  Melee: Long sword        |    53 |    30 ||    83
         Headbutt          |     7 |     7 ||    14
         Punch             |       |     1 ||     1
 Armour: Leather armour    |     4 |       ||     4
         Ring mail         |    13 |    10 ||    23
  Dodge: Dodged            |    32 |    22 ||    54
